 Dungeon Crawl Stone Soup version 0.28.0-45-g0d030f2227 (console) character file.

Game seed: 2473866581225188743

4 Zeor the Ducker (level 1, -1/14 HPs)
             Began as a Tengu Monk on Apr 4, 2022.
             Slain by a goblin
             ... wielding a +2 dagger of venom
              (4 damage)
             ... on level 1 of the Dungeon.
             The game lasted 00:00:39 (306 turns).

Zeor the Ducker (Tengu Monk)                         Turns: 306, Time: 00:00:41

Health: -1/14      AC:  2    Str: 11    XL:     1   Next: 70%
Magic:  2/2        EV: 13    Int: 10    God:
Gold:   16         SH:  0    Dex: 16    Spells: 0/0 levels left

rFire   . . .      SeeInvis .   a - +0 spear
rCold   . . .      Faith    .   (no shield)
rNeg    . . .      Spirit   .   b - +0 robe
rPois   .          Reflect  .   (helmet restricted)
rElec   .          Harm     .   (no cloak)
rCorr   .          Rampage  .   (no gloves)
Will    .....                   (boots unavailable)
Stlth   ++........              (no amulet)
HPRegen 0.04/turn               (no ring)
MPRegen 0.08/turn               (no ring)

@: lethally poisoned (-1 -> -9)
A: beak, talons 3
a: no special abilities


You were on level 1 of the Dungeon.
You visited 1 branch of the dungeon, and saw 1 of its levels.

You collected 16 gold pieces.

Inventory:

Hand Weapons
 a - a +0 spear (weapon)
Armour
 b - a +0 robe (worn)
Scrolls
 c - a scroll of vulnerability {unknown}


   Skills:
 + Level 3.0 Fighting
 * Level 3.4 Polearms
 * Level 3.4 Dodging
 + Level 2.0 Stealth


You couldn't memorise any spells.
You didn't know any spells.
Your spell library was empty.

Dungeon Overview and Level Annotations

Branches:
Dungeon (1/15)

Altars:


Innate Abilities, Weirdness & Mutations

You have a beak for a mouth.
You have claws for feet.


Message History

No target in view!
No target in view!
You see here a rat corpse.
Found 19 stones.
Found a hand axe.
A hobgoblin comes into view.
A ball python comes into view.
Found 28 stones.
The hobgoblin shouts!
The ball python hisses angrily.
You hear a shout!
You hit the hobgoblin.
The hobgoblin is moderately wounded.
A goblin comes into view. It is wielding a +2 dagger of venom.
The hobgoblin hits you but does no damage.
You hit the hobgoblin.
You kill the hobgoblin!
An endoplasm comes into view.
The endoplasm quivers.
You see here a hobgoblin corpse.
You closely miss the ball python.
The ball python bites you but does no damage.
The ball python closely misses you.
You barely miss the ball python. Your kick misses the ball python.
The ball python bites you but does no damage.
The ball python grabs you. The ball python constricts you.
You hit the ball python.
You kill the ball python!
You hit the goblin. Your peck misses the goblin.
The goblin is severely wounded.
The endoplasm hits you.
The goblin hits you with a +2 dagger of venom.
You are lethally poisoned!
You are too injured to fight recklessly!
You barely miss the goblin.
The goblin is severely wounded.
You feel sick. The endoplasm freezes you.
You are frozen.
* * * LOW HITPOINT WARNING * * *
The goblin hits you with a +2 dagger of venom.
You die... ▒∙∙∙∙ ▒▒▒■▒∙ ▒▒▒▒▒▒▒▒▒∙∙∙∙ ∙∙∙∙(∙ ∙∙∙∙∙∙∙∙∙∙∙∙ ∙∙∙∙∙∙▒ ∙∙∙∙∙∙∙∙∙∙∙∙ ∙∙∙∙∙∙

∙∙∙∙▒▒▒∙▒▒▒∙
∙∙∙∙∙▒▒▒▒▒▒▒▒∙▒ ▒∙▒ ▒∙
▒■▒■▒∙∙▒)∙∙∙∙∙▒∙▒▒▒∙▒ ▒▒
▒∙∙∙∙∙∙∙∙∙∙∙∙∙∙∙∙∙∙∙▒ ▒
▒∙∙∙∙∙gQ∙∙∙∙∙∙∙∙∙∙∙▒▒▒▒▒
▒∙∙∙∙∙J▒∙∙∙∙∙∙∙∙∙▒∙∙∙∙∙∙
▒∙∙∙∙∙∙▒▒▒P▒▒▒P▒▒▒∙▒▒▒▒∙


∙∙∙∙∙∙∙ ∙∙∙∙∙∙P∙∙▒∙▒ ▒∙ ∙∙∙∙∙∙∙▒P▒∙▒P▒∙▒∙▒∙▒ ▒∙ ∙∙▒∙▒■∙▒∙∙∙(∙∙∙∙∙▒∙▒ ▒∙ ∙ ▒∙ ∙∙▒
▒P▒ ▒∙▒ ▒∙▒ ▒∙ ▒ ∙∙ P∙∙ ∙∙∙ ∙▒ ▒∙ ▒∙ You could see an endoplasm and a goblin.

Vanquished Creatures
  A goblin (D:1)
  A hobgoblin (D:1)
  A ball python (D:1)
  A frilled lizard (D:1)
  A rat (D:1)
5 creatures vanquished.

Vanquished Creatures (others)
  A kraken (D:1)
  A ghoul (D:1)
  A minotaur (D:1)
  2 octopodes (D:1)
  A gargoyle (D:1)
  A troll (D:1)
  A spriggan (D:1)
  A naga (D:1)
  A demigod (D:1)
  A dwarf (D:1)
  An ogre (D:1)
  A tengu (D:1)
  A felid (D:1)
  An orc (D:1)
  6 tentacles (D:1)
21 creatures vanquished.

Grand Total: 26 creatures vanquished

Notes
Turn   | Place    | Note
-------+----------+-------------------------------------------
     0 | D:1      | Zeor the Tengu Monk began the quest for the Orb.
     0 | D:1      | Reached XP level 1. HP: 14/14 MP: 2/2
     2 | D:1      | Noticed a tengu
     2 | D:1      | Noticed a minotaur
     2 | D:1      | Noticed a demigod
     2 | D:1      | Noticed a felid
     2 | D:1      | Noticed an octopode
     2 | D:1      | Noticed a ghoul
     2 | D:1      | Noticed a troll
     2 | D:1      | Noticed a kraken
     2 | D:1      | Noticed a demonspawn
     2 | D:1      | Noticed a dwarf
     2 | D:1      | Noticed an octopode
     2 | D:1      | Noticed an ogre
     2 | D:1      | Noticed a naga
     2 | D:1      | Noticed a gargoyle
     2 | D:1      | Noticed a spriggan
     3 | D:1      | Killed a tengu
     6 | D:1      | Killed an octopode
     6 | D:1      | Killed a demigod
     7 | D:1      | Killed a minotaur
     7 | D:1      | Killed a felid
     7 | D:1      | Killed an ogre
     7 | D:1      | Killed a gargoyle
     9 | D:1      | Killed a naga
    11 | D:1      | Killed a spriggan
    12 | D:1      | Killed an octopode
    13 | D:1      | Killed a ghoul
    13 | D:1      | Killed a troll
    16 | D:1      | Killed a dwarf
    16 | D:1      | Killed a kraken
   306 | D:1      | Slain by a goblin

Illustrated notes

Levels and vault maps discovered:
D:1:      nicolae_arrival_kraken_aquarium_b, layout_basic,
          shapermc_ecumenical_altar_mp_urbaneastern

Action                   || total
-------------------------++-------
Melee: Spear             ||    13
       Kick              ||     1
       Peck              ||     1
 Stab: Sleeping          ||     1
Armor: Robe              ||     3
Dodge: Dodged            ||     2
